 Dungeon Crawl Stone Soup version 0.19.0-2-gae57169 (webtiles) character file.

466 Andry07 the Skirmisher (level 6, -4/58 HPs)
             Began as a Draconian Fighter on Nov 7, 2016.
             Slain by a killer bee (5 damage)
             ... on level 4 of the Dungeon.
             The game lasted 00:07:04 (3319 turns).

Andry07 the Skirmisher (Draconian Fighter)          Turns: 3319, Time: 00:07:09

Health: -4/58      AC:  6    Str: 19 (20) XL:     6   Next: 81%
Magic:  15/15      EV: 10    Int:  7 (9)  God:
Gold:   217        SH:  8    Dex:  7 (10) Spells: 0 memorised, 5 levels left

rFire  . . .     SeeInvis .     j - +3 short sword (freeze)
rCold  . . .     Gourm    .     (armour unavailable)
rNeg   . . .     Faith    .     b - +0 shield
rPois  .         Spirit   .     (helmet restricted)
rElec  .         Reflect  .     (no cloak)
rCorr  .         Harm     .     (no gloves)
MR     .....                    (no boots)
Stlth  ++........               (no amulet)
                                (no ring)
                                r - ring of magical power

@: lethally poisoned (-4 -> -11)
A: unfitting armour, cold-blooded, AC +6
a: no special abilities


You were on level 4 of the Dungeon.
You were not hungry.

You visited 1 branch of the dungeon, and saw 4 of its levels.

You collected 217 gold pieces.

Inventory:

Hand Weapons
 a - a +0 long sword
 j - a +3 short sword of freezing (weapon)
Armour
 b - a +0 shield (worn)
Jewellery
 r - a ring of magical power (left hand)
Wands
 n - a wand of paralysis (3/24)
Scrolls
 h - a scroll of recharging {unknown}
 i - 2 scrolls of teleportation {unknown}
 k - 2 scrolls of identify {unknown}
 l - 2 scrolls of immolation {unknown}
 o - 2 scrolls of noise {unknown}
 t - a scroll of remove curse {unknown}
 y - a scroll of fog {unknown}
Potions
 c - 3 potions of might
 e - a potion of mutation {unknown}
 p - a potion of curing
 q - a potion of brilliance {unknown}
 s - 2 potions of haste {unknown}
 u - a potion of degeneration
Comestibles
 d - 3 bread rations
 f - 4 fruits
 g - 2 beef jerkies
 m - 4 meat rations
 v - a chunk of flesh
 w - a slice of pizza
 x - a royal jelly


   Skills:
 + Level 6.9 Fighting
 - Level 2.7(3.1) Short Blades
 - Level 2.0(2.7) Long Blades
 - Level 2.6 Dodging
 + Level 3.0 Stealth
 - Level 3.0 Shields


You had 5 spell levels left.
You didn't know any spells.

Dungeon Overview and Level Annotations

Branches:
Dungeon (4/15)
 Temple: D:4-7

Altars:
Ashenzari
Fedhas

Annotations:
D:4 Andry07's ghost, amateur DrFi


Innate Abilities, Weirdness & Mutations

Your plain brown scales are hard. (AC +6)
You cannot fit into any form of body armour.
You are cold-blooded and may be slowed by cold attacks.


Message History

The killer bee stings you!
* * * LOW HITPOINT WARNING * * *
You are more poisoned.
The killer bee poisons you! The killer bee barely misses you. x2
Unknown command.
Unknown command.
It was a potion of degeneration.
There was something very wrong with that liquid.
You feel weakened.
You feel dopey.
You feel clumsy.
* * * LOW HITPOINT WARNING * * *
You feel sick. The killer bee misses you. The killer bee barely misses you.
The killer bee closely misses you. You block the killer bee's attack.
It was a potion of curing.
You feel better. The killer bee stings you.
* * * LOW HITPOINT WARNING * * *
You are lethally poisoned!
The killer bee poisons you! You block the killer bee's attack.
The killer bee stings you.
* * * LOW HITPOINT WARNING * * *
The killer bee stings you.
You die...

#.# #.# #.#
#.#
########.#
#......[.#
#.###########
#.# #yyy...#
#.####@###
#.##.....#
#.##.#.#.#
#.##.#.#.#
#)...#.# #
######.# #[#
#.# ..


You could see 3 killer bees.

Vanquished Creatures
  Sigmund (D:2)
  A scorpion (D:4)
  Crazy Yiuf (D:3)
  An iguana (D:4)
  Terence (D:2)
  2 worker ants (D:4)
  Ijyb (D:2)
  An adder (D:3)
  2 oozes
  2 worms
  3 dart slugs
  7 leopard geckos
  3 giant cockroaches
  7 goblins
  6 hobgoblins
  3 quokkas
  3 ball pythons
  10 bats
  4 frilled lizards
  3 kobolds
  11 rats
  A bush (D:1)
  A plant (D:1)
75 creatures vanquished.

Vanquished Creatures (others)
  A frilled lizard (D:2)
1 creature vanquished.

Grand Total: 76 creatures vanquished

Notes
Turn   | Place    | Note
-------+----------+-------------------------------------------
     0 | D:1      | Andry07 the Draconian Fighter began the quest for the Orb.
     0 | D:1      | Reached XP level 1. HP: 19/19 MP: 1/1
   384 | D:1      | Reached XP level 2. HP: 25/27 MP: 2/2
   457 | D:1      | Reached skill level 4 in Fighting
  1031 | D:2      | Reached skill level 1 in Stealth
  1045 | D:2      | Reached XP level 3. HP: 9/34 MP: 3/3
  1135 | D:2      | Noticed Terence
  1251 | D:2      | Killed Terence
  1251 | D:2      | Reached skill level 5 in Fighting
  1390 | D:2      | Noticed Ijyb
  1398 | D:2      | Paralysed by Ijyb for 3 turns
  1403 | D:2      | Paralysed by Ijyb for 6 turns
  1411 | D:2      | Killed Ijyb
  1411 | D:2      | Reached XP level 4. HP: 26/42 MP: 4/4
  1497 | D:2      | Noticed Sigmund
  1775 | D:2      | Killed Sigmund
  1775 | D:2      | Reached skill level 6 in Fighting
  1775 | D:2      | Reached XP level 5. HP: 19/50 MP: 5/5
  2020 | D:3      | Reached XP level 6. HP: 57/57 MP: 6/6
  2029 | D:3      | Found a shattered altar of Ashenzari.
  2483 | D:3      | Found a runed door.
  2487 | D:3      | Noticed Crazy Yiuf
  2495 | D:3      | Killed Crazy Yiuf
  2701 | D:4      | Noticed Andry07's ghost (amateur DrFi)
  3007 | D:4      | Found a blossoming altar of Fedhas.
  3319 | D:4      | HP: 1/58 [killer bee (6)]
  3319 | D:4      | Slain by a killer bee

Skill      XL: |  1  2  3  4  5  6 |
---------------+-------------------+-----
Fighting       | 4 5 6 |  6.9
Stealth        | 1 3 |  3.0
Short Blades   | 2 |  2.7
Long Blades    | |  2.0
Dodging        | |  2.6
Shields        | |  3.0

Action                   |  1- 3 |  4- 6 || total
-------------------------+-------+-------++-------
Melee: Long sword        |   200 |       ||   200
       Tailslap          |    47 |    18 ||    65
       Short sword       |    23 |   131 ||   154
  Use: Potion            |       |     2 ||     2
 Stab: Sleeping          |       |     2 ||     2
  Eat: Chunk             |     2 |     6 ||     8
Armor: Skin              |    50 |    24 ||    74
Dodge: Dodged            |    49 |    57 ||   106
Block: Shield            |    60 |    60 ||   120
       Rpst.: Long sword |    10 |       ||    10
